[Event "*** Titled Tuesday Blitz"]
[Site "Chess.com"]
[Date "2018.08.07"]
[Round "4"]
[White "INDIAN-ELEPHANT"]
[Black "Keranke"]
[Result "0-1"]
[WhiteElo "2716"]
[BlackElo "2836"]
[TimeControl "180+2"]
[EndTime "13:49:39 PDT"]
[Termination "Keranke won by checkmate"]

1. d4 g6 2. e4 Bg7 3. Nf3 d6 4. c3 Nf6 5. Bd3 O-O 6. h3 c5 7.
d5 e6 8. c4 exd5 9. exd5 Re8+ 10. Be3 b5 11. O-O Nbd7 12. Nc3 b4 13. Ne2 Ne4 14. Qc2 Ndf6 15. a3 Bf5 16. axb4 cxb4 17. Ned4 Bd7 18. Ng5 Nc5 19. Be2 a5 20. Rfd1 a4 21. Nc6 Qb6 22. Bf3 Rxe3 23. fxe3 Nb3 24. Qxb3 axb3 25. Rxa8+ Ne8 26. Kf2 Bxb2 27. Bg4 f5 28.
Bf3 Bc3 29. Ne6 Kf7 30. Rd8 Bxc6 31. dxc6 f4 32. c5 fxe3+ 33. Kxe3 dxc5 34. R1d7+ Kxe6 35. Rxe8+ Kf5 36. Rf8+ Kg5 37. Rb7 Bd4+ 38. Kd2 Qa6 39. h4+ Kh6 40. Rff7 Qa2+ 41. Ke1 Qa1+ 42. Ke2 Qb2+ 43.
Ke1 Qc1+ 44. Ke2 Qc2+ 45. Ke1 Qf2+ 46. Kd1 Qf1+ 47. Kd2 Qf2+ 48. Kd1 Qf1+ 49. Kd2 Qf2+ 50. Be2 Bc3+ 51. Kd3 Qd4# 0-1

[Event "*** Titled Tuesday Blitz"]
[Site "Chess.com"]
[Date "2018.08.07"]
[Round "4"]
[White "2Tilted"]
[Black "yoolund"]
[Result "0-1"]
[WhiteElo "2329"]
[BlackElo "2511"]
[TimeControl "180+2"]
[EndTime "13:49:39 PDT"]
[Termination "yoolund won by resignation"]

1. d4 Nf6 2. Nf3 g6 3. c4 Bg7 4. Nc3 O-O 5. e4 d6 6. Be2 Bg4 7. O-O Nfd7 8. Be3 e5 9. d5 a5 10. Nd2 Bxe2 11. Qxe2 f5 12. f3 Qh4 13. Bf2 Qe7 14.
b3 Bh6 15. a3 Na6 16. Rfb1 Nac5 17. Ra2 Nf6 18. Be3 Bxe3+ 19. Qxe3 fxe4 20. Ndxe4 Nfxe4 21. Nxe4 Nxe4 22. Qxe4 Rf4 23. Qe3 a4 24. g3 Rd4 25.
Re2 Qf6 26. Rf1 axb3 27. Qxb3 b6 28. f4 exf4 29. Ref2 Qe5 30. gxf4 Qf5 31. Qb5 Qf7 32. a4 Re8 33. Kh1 Rde4 34. Qb3 Re3 35. Qc2 R8e4 36. f5 g5 37. Rg2 h6 38. f6 g4 39. Qd1 h5 40. Qd2 Kh7 41. a5 bxa5 42. Qxa5 Rf3 43.
Qa1 Ref4 44. Rxf3 Rxf3 45. Qb1+ Kg8 46. Kg1 Qxf6 47. Qd1 Kh8 48. Ra2 Kh7 49. Re2 g3 50.
hxg3 Rxg3+ 51. Rg2 Rxg2+ 52. Kxg2 Qg5+ 53. Kh2 Qf4+ 54. Kh3 Kg6 55. Qd3+ Qf5+ 56. Qxf5+ Kxf5 57. Kh4 Ke4 58. Kxh5 Kd4 59. Kg4 0-1

[Event "*** Titled Tuesday Blitz"]
[Site "Chess.com"]
[Date "2018.08.07"]
[Round "4"]
[White "Stormeman100100"]
[Black "MateusViageiro"]
[Result "0-1"]
[WhiteElo "2132"]
[BlackElo "2333"]
[TimeControl "180+2"]
[EndTime "13:49:41 PDT"]
[Termination "MateusViageiro won by resignation"]

1. e4 e5 2. Nf3 Nc6 3. Bb5 a6 4. Ba4 Nf6 5. O-O b5 6. Bb3 Be7 7. Re1 O-O 8. a4 Rb8 9. d4 d6 10. axb5 axb5 11. d5 Nb4 12. c3 Na6 13. Nbd2 Nc5 14.
Bc2 b4 15. Nc4 Qd7 16. Be3 Qb5 17. Ra5 Qxc4 18. Nd2 Qb5 19. Rxb5 Rxb5 20. Bxc5 dxc5 21. Bd3 Rb8 22. Nc4 Bd6 23. f4 Nd7 24. Qf3 Re8 25.
fxe5 Nxe5 26. Nxe5 Bxe5 27. Bc4 bxc3 28. bxc3 Rf8 29.
Rf1 Rb6 30. Qh5 Bxc3 31. d6 Bd4+ 32. Kh1 g6 33. Qf3 cxd6 34. Qd3 Rb7 35. h3 Kg7 36.
Bd5 Re7 37. Qc4 Be6 38. Bxe6 Rxe6 39. Qd3 Rf6 40. Rxf6 Kxf6 41. Qf3+ Kg7 42. g4 Rb8 43. Kg2 Be5 44. Qd3 Rb2+ 45. Kf3 Rb4 46. Kg2 c4 47. Qc2 Rb2 0-1

[Event "*** Titled Tuesday Blitz"]
[Site "Chess.com"]
[Date "2018.08.07"]
[Round "4"]
[White "GadimbayliA"]
[Black "Alexander_Moskalenko"]
[Result "1-0"]
[WhiteElo "2690"]
[BlackElo "2820"]
[TimeControl "180+2"]
[EndTime "13:49:43 PDT"]
[Termination "GadimbayliA won by resignation"]

1. e4 c5 2. Nf3 d6 3. d4 cxd4 4. Nxd4 Nf6 5. Nc3 Nc6 6. Bb5 Bd7 7. Bg5 e6 8. O-O h6 9. Bh4 a6 10. Bxc6 bxc6 11. e5 dxe5 12. Nf3 Be7 13. Nxe5 Rb8 14. Qf3 O-O 15. Rad1 Nd5 16. Bxe7 Qxe7 17. Ne4 Rfd8 18. c4 f5 19. Nc3 Nf6 20. b3 c5 21. Rd2 Be8 22. Rfd1 Rxd2 23. Rxd2 Rd8 24. Qd1 Rxd2 25. Qxd2 Nd7 26. Nc6 Qf6 27. Qe3 e5 28. Nd5 Qe6 29.
Nce7+ Kf7 30. Qf3 f4 31. Qe4 Nf6 32. Nxf6 Kxf6 33. Nd5+ Kf7 34. g3 Bc6 35. f3 fxg3 36.
hxg3 a5 37. Kg2 h5 38. Kf2 g6 39.
g4 hxg4 40. fxg4 Bxd5 41. Qxd5 Kf6 42. Qd8+ Kg7 43. Qxa5 Qxg4 44. Qc7+ Kf6 45. Qd6+ Qe6 46. Qxc5 Qf5+ 47. Ke3 Qf4+ 48. Ke2 g5 49. Qf8+ Ke6 50. Qxf4 exf4 51. a4 g4 52. a5 Kd6 53. a6 Kc7 54.
b4 Kb6 55. b5 g3 56. Kf3 Ka7 57. c5 Kb8 58. b6 Ka8 59. c6 Kb8 60. c7+ Kc8 61. a7 1-0

[Event "*** Titled Tuesday Blitz"]
[Site "Chess.com"]
[Date "2018.08.07"]
[Round "4"]
[White "hsskoo"]
[Black "ZoltanChef"]
[Result "0-1"]
[WhiteElo "2151"]
[BlackElo "2212"]
[TimeControl "180+2"]
[EndTime "13:49:43 PDT"]
[Termination "ZoltanChef won by resignation"]

1. g3 Nf6 2. c4 e6 3. Bg2 d5 4. Nf3 dxc4 5. O-O Be7 6. Ne5 O-O 7. Nxc4 c5 8. Nc3 Nc6 9. d3 Bd7 10. a3 Be8 11. Bf4 Nd5 12. Bd2 b6 13. Rc1 Rc8 14. Re1 Nf6 15. Ne4 Nxe4 16. Bxe4 Bf6 17.
Bc3 Bxc3 18. bxc3 b5 19. Nd2 Qa5 20. Qb3 a6 21. Ra1 Ne5 22. Red1 c4 23. dxc4 Nxc4 24. Qb4 Qb6 25. Rab1 Qa7 26. Nf3 Nb6 27. Rbc1 Rc4 28. Qb1 g6 29. Nd2 Rc7 30. Bd3 Bc6 31. Ne4 Bxe4 32.
Bxe4 Rfc8 33. Qd3 Na4 34. Qf3 Nxc3 35. Re1 Nxe4 36. Qxe4 Rxc1 37. Kf1 Rxe1+ 38. Kxe1 Qa8 39. Qd4 Qh1+ 40. Kd2 Qd5 41. Qxd5 exd5 42. Kd3 Rc4 43. f3 f5 44. h3 Kf7 45. g4 Ke6 46. e3 Kd6 47. g5 Ke6 48. h4 Kd6 49. f4 Ke6 50. Kd2 Ra4 0-1

[Event "*** Titled Tuesday Blitz"]
[Site "Chess.com"]
[Date "2018.08.07"]
[Round "4"]
[White "jk13"]
[Black "GrigorGrigorov"]
[Result "1-0"]
[WhiteElo "2523"]
[BlackElo "2690"]
[TimeControl "180+2"]
[EndTime "13:49:47 PDT"]
[Termination "jk13 won by resignation"]

1. e4 e6 2. d3 c5 3. Nf3 b6 4.
g3 Bb7 5. Bg2 d6 6. O-O Nf6 7. a4 Be7 8. a5 bxa5 9. Nbd2 Nc6 10.
Nc4 d5 11. exd5 exd5 12. Nce5 O-O 13. Bd2 Bd6 14. Nxc6 Bxc6 15. Bxa5 Qb8 16. b3 Qb7 17. Nh4 Rfe8 18. Bd2 Bf8 19. Qf3 Re6 20. Rfe1 Rae8 21. Rxe6 Rxe6 22. Qd1 g6 23. Ra5 Bg7 24. Rxc5 h5 25. h3 Qb6 26. Ra5 Nd7 27. Bxd5 Rf6 28. Qe2 Rxf2 29. Qxf2 Bd4 30. Bxf7+ Kg7 31. Bc3 Bxc3 32.
Qxb6 axb6 33. Ra7 Kxf7 34. Rc7 Bd4+ 35. Kh2 Bb5 36. Nf3 Bc5 37. c4 Bd6 38. Ra7 Bb8 39.
Ra1 Bc6 40. Nd4 Bb7 41. Nb5 Ne5 42. Kg1 Nxd3 43. Rd1 Ne5 44. Nd6+ Bxd6 45. Rxd6 Bc8 46. Rxb6 Bxh3 47. Kf2 Bf5 48. Ke3 Ke7 49. Kd4 Nf3+ 50.
Kd5 g5 51. Rh6 h4 52. gxh4 gxh4 53. b4 h3 54. b5 h2 55. b6 Bc8 56. c5 Kf7 57. c6 Kg7 58. Rxh2 Nxh2 59. b7 1-0

[Event "*** Titled Tuesday Blitz"]
[Site "Chess.com"]
[Date "2018.08.07"]
[Round "4"]
[White "BjarkeSahl"]
[Black "Carolina-moon"]
[Result "1-0"]
[WhiteElo "2222"]
[BlackElo "2141"]
[TimeControl "180+2"]
[EndTime "13:49:48 PDT"]
[Termination "BjarkeSahl won on time"]

1. e4 c5 2. d4 cxd4 3. Nf3 d6 4. Nxd4 Nf6 5. Nc3 a6 6. Bd3 e5 7. Nde2 Be7 8. O-O O-O 9. Kh1 Nc6 10. f4 b5 11. a3 exf4 12. Nxf4 Ne5 13. Be2 Be6 14. Be3 Rc8 15. Nxe6 fxe6 16. Bd4 Nc4 17. b3 Nxa3 18.
Rxa3 b4 19. Rxa6 bxc3 20. e5 dxe5 21. Bxe5 Qxd1 22. Bxd1 Ne4 23. Bf3 Nd2 24. Rd1 Nxf3 25. gxf3 Rxf3 26. Rxe6 Bg5 27. Rd7 Bh6 28. Red6 Rcf8 29.
Rd8 Rf1+ 30. Kg2 Rf2+ 31. Kg3 Rf3+ 32. Kg4 Rf7 33. Rxf8+ Rxf8 34. Bxc3 Rc8 35. Rd3 g6 36. b4 Bf8 37. b5 Rc4+ 38. Kf3 Bc5 39. Ke2 Kf7 40. Rf3+ Ke6 41. Kd3 Rh4 42. h3 Be7 43. Be1 Rh5 44. c4 Bc5 45. Bc3 Be7 46. Bd4 Rh4 47.
c5 Kd5 48. Bf2 Rb4 49. Rf7 Ke6 50. Rxh7 Rxb5 51. Kc4 Rb2 52. Bd4 Rc2+ 53. Kd3 Rc1 54. Rg7 g5 55. Be3 Rb1 56. Bxg5 Bxg5 57. Rxg5 Rc1 58. Kd4 Rd1+ 59. Kc4 Rc1+ 60. Kb5 Rb1+ 61. Kc6 Rh1 62. Rg3 Rc1 63. Rd3 Re1 64. Rc3 Ke7 65. Kc7 Ra1 66. c6 1-0

[Event "*** Titled Tuesday Blitz"]
[Site "Chess.com"]
[Date "2018.08.07"]
[Round "4"]
[White "SantoBlue"]
[Black "MaestroASK"]
[Result "1-0"]
[WhiteElo "2665"]
[BlackElo "2413"]
[TimeControl "180+2"]
[EndTime "13:49:50 PDT"]
[Termination "SantoBlue won on time"]

1. e4 d6 2. d4 g6 3. Nf3 Bg7 4.
Bd3 e5 5. dxe5 dxe5 6. O-O f6 7. Qe2 Nd7 8. Rd1 Bh6 9. Bc4 Bxc1 10. Rxc1 Nh6 11.
Qe3 Nf7 12. Nc3 c6 13. Rd1 Qe7 14. a4 a5 15. Nd2 O-O 16. Nb3 Kg7 17. Bxf7 Rxf7 18.
Nb1 Nf8 19. Na3 Ne6 20. Nc4 Qc7 21. Nc5 Nxc5 22. Qxc5 Be6 23. Ne3 Re7 24. Rd6 Rc8 25.
Rad1 b6 26. Qc3 Qb7 27. h4 h5 28. g3 c5 29. Nd5 Bxd5 30. R1xd5 Rc6 31. Rd8 Rc8 32. R8d6 Rc6 33. Rd8 Rc8 34. Qc4 Rxd8 35. Rxd8 Rf7 36. Rd6 Rd7 37. Re6 Rd1+ 38. Kh2 Rd2 39.
Re8 Qf7 40. Qb5 Rxf2+ 41. Kg1 Rxc2 42. Qc6 Rd2 43. Rb8 Rd7 44. Rxb6 Rc7 45. Qd6 c4 46. Rb8 c3 47. Qd8 Kh6 48. bxc3 Rd7 49. Qh8+ Qh7 50.
Qxf6 Rf7 51. Qg5+ Kg7 52. Qxe5+ 1-0

[Event "*** Titled Tuesday Blitz"]
[Site "Chess.com"]
[Date "2018.08.07"]
[Round "4"]
[White "BlackBoarder"]
[Black "ShadowJolteon"]
[Result "0-1"]
[WhiteElo "2379"]
[BlackElo "2210"]
[TimeControl "180+2"]
[EndTime "13:49:50 PDT"]
[Termination "ShadowJolteon won by resignation"]

1. e4 c6 2. Nf3 d5 3. Nc3 d4 4.
Ne2 c5 5. Ng3 e6 6. Bc4 Nc6 7.
O-O Nf6 8. a4 Bd6 9. d3 O-O 10.
Re1 e5 11. Nh4 Be6 12. Nhf5 Bxc4 13. dxc4 g6 14. Nh6+ Kh8 15. Bg5 Be7 16. Qf3 Ng8 17. Bxe7 Qxe7 18. Nxg8 Kxg8 19. b3 Nb4 20. Re2 Rad8 21.
Qg4 d3 22. cxd3 Rxd3 23. Nf5 Qf6 24. Re3 Rfd8 25. h4 Nc2 26. Rxd3 Rxd3 27. Rd1 Rxd1+ 28. Qxd1 Nd4 29. Nxd4 exd4 30. g3 Kg7 31. f4 Qc6 32.
Qf3 f5 33. Qd1 Qxe4 34. h5 Qe3+ 35. Kg2 d3 36. hxg6 hxg6 37. Qf3 Qe4 38. Kf2 d2 39. Qxe4 fxe4 40. Ke2 e3 41. g4 Kf6 42. Kd1 a5 43.
Ke2 g5 44. f5 Ke5 45. Kd1 Kd4 46. Ke2 Ke5 47. Kd1 Kd4 48. Ke2 Kc3 49. f6 Kc2 50. f7 d1=Q+ 51. Kxe3 Qd3+ 52. Kf2 Qd4+ 53. Kf3 Qf6+ 54.
Ke4 Qxf7 55. Ke5 Qf4+ 56. Kd5 Qd4+ 0-1

[Event "*** Titled Tuesday Blitz"]
[Site "Chess.com"]
[Date "2018.08.07"]
[Round "4"]
[White "KamilPlichta"]
[Black "BilodeauA"]
[Result "0-1"]
[WhiteElo "2600"]
[BlackElo "2724"]
[TimeControl "180+2"]
[EndTime "13:49:55 PDT"]
[Termination "BilodeauA won by resignation"]

1. d4 d5 2. c4 dxc4 3. e4 Nf6 4. e5 Nd5 5. Bxc4 Nb6 6. Bb3 Nc6 7. Ne2 Bg4 8. f3 Bh5 9. Nbc3 e6 10. a3 Qd7 11.
Be3 O-O-O 12. Qc1 Kb8 13. O-O Be7 14. Rd1 f6 15. Nf4 Bf7 16. d5 exd5 17. Ncxd5 Nxd5 18. Bxd5 fxe5 19. Bxf7 Qxd1+ 20. Qxd1 Rxd1+ 21. Rxd1 exf4 22.
Bf2 Bd6 23. Bd5 Ne5 24. Rd4 Rf8 25. Ra4 b6 26. Be4 c6 27. Bxh7 g6 28. Re4 c5 29.
Be1 Rh8 30. Bc3 Rxh7 31. Bxe5 Bxe5 32. Rxe5 Rd7 33. Kf2 c4 34. g3 fxg3+ 35. hxg3 a5 36.
Ke2 Kb7 37. Re6 Rd5 38. Rxg6 Rb5 39. f4 Rxb2+ 40. Kd1 b5 41. Kc1 c3 42. Re6 Ra2 43. f5 Rxa3 44. f6 Ra1+ 45. Kc2 b4 46.
g4 Ra2+ 47. Kb3 Rb2+ 48. Ka4 c2 49. Re7+ Kb6 50. Re6+ Kc7 51. f7 c1=Q 52. f8=Q Qd1+ 53.
Kb5 Qd3+ 54. Kxa5 Ra2+ 55. Kxb4 Qa3+ 56. Kc4 Qxf8 0-1

[Event "*** Titled Tuesday Blitz"]
[Site "Chess.com"]
[Date "2018.08.07"]
[Round "4"]
[White "JSMastropiero"]
[Black "RitvarsReimanis"]
[Result "1/2-1/2"]
[WhiteElo "2318"]
[BlackElo "2431"]
[TimeControl "180+2"]
[EndTime "13:49:56 PDT"]
[Termination "Game drawn by agreement"]

1. d4 Nf6 2. c4 e6 3. Nc3 Bb4 4. e3 O-O 5. Bd3 c5 6. Ne2 cxd4 7. exd4 d5 8. cxd5 Nxd5 9. O-O Nc6 10. a3 Be7 11.
Be3 a6 12. Nxd5 Qxd5 13. Nc3 Qd6 14. d5 Ne5 15. Be2 Ng6 16. Qb3 b5 17. Rfd1 Qe5 18.
Bf3 Rb8 19. Bd4 Qf5 20. Be4 Qh5 21. Ba7 Rb7 22. Be3 exd5 23. Nxd5 Be6 24. Nxe7+ Rxe7 25. Qb4 Rc7 26. Bf3 Qh4 27. Qxh4 Nxh4 28. Be4 Bf5 29. Bd5 Rc2 30. Bd4 Ng6 31. Bc3 Nf4 32. Bb3 Ne2+ 33. Kf1 Nxc3 34. Bxc2 Nxd1 35. Bxd1 Bd3+ 36.
Be2 Re8 37. Bxd3 Rd8 38. Rc1 g6 39. Ke2 Rd6 40. Rc8+ Kg7 41. Rc7 h5 42. Bc2 Kf8 43. Bb3 f6 44. Ke3 g5 45. Rf7+ Ke8 46. Rh7 h4 47. h3 Kd8 48. f4 gxf4+ 49. Kxf4 Rd2 50. Rxh4 Rd4+ 51. Kg3 Rd3+ 52. Kf4 Rd4+ 53. Kg3 Rd3+ 54.
Kg4 Rxb3 55. Kf5 Rxb2 56. Rd4+ Ke7 57. g4 Rb3 58. a4 Rf3+ 59. Kg6 Rxh3 60. axb5 axb5 61.
Rb4 Rg3 62. Kf5 Rf3+ 63. Ke4 Rf1 64. Rxb5 Kf7 65. g5 fxg5 66. Rxg5 Kf6 67. Rg3 1/2-1/2

[Event "*** Titled Tuesday Blitz"]
[Site "Chess.com"]
[Date "2018.08.07"]
[Round "4"]
[White "SergeiAza"]
[Black "Chakraborty-ARZ"]
[Result "1-0"]
[WhiteElo "2699"]
[BlackElo "2428"]
[TimeControl "180+2"]
[EndTime "13:49:58 PDT"]
[Termination "SergeiAza won by checkmate"]

1. e4 c6 2. d4 d5 3. Nc3 dxe4 4. Nxe4 Bf5 5. Ng3 Bg6 6. Nh3 Nd7 7. Nf4 e5 8. Nxg6 hxg6 9. Be2 Ngf6 10. O-O Bd6 11. Re1 Qc7 12. c4 exd4 13. Bf1+ Kf8 14. Qxd4 Bc5 15. Qd1 Ne5 16. Be2 Rxh2 17. Bf4 Rh4 18. Bg5 Rd4 19. Qc2 Re8 20. Be3 Neg4 21. Bxg4 Nxg4 22.
Bxd4 Rxe1+ 23. Rxe1 Bxd4 24. Ne4 Qf4 25. g3 Qf3 26.
Qe2 Bxf2+ 27. Qxf2 Nxf2 28. Nxf2 Qxg3+ 29. Kf1 Qf4 30. b3 Qf3 31. Rd1 Ke7 32. Rd3 Qf4 33. Ke2 f5 34. Re3+ Kf6 35. Nd3 Qd4 36. Re8 g5 37.
Rf8+ Kg6 38. Re8 g4 39. Re6+ Kg5 40. Re7 g6 41. Rxb7 g3 42. Ne1 Qf2+ 43. Kd1 a5 44. Re7 g2 45. Re2 Qxe2+ 46. Kxe2 Kf4 47. Nxg2+ Ke4 48.
a3 Kd4 49. Nf4 Kc3 50. Nxg6 Kxb3 51. Kd3 Kxa3 52. Kc3 a4 53. Ne5 Ka2 54. Nxc6 a3 55. Kc2 Ka1 56. Nd4 f4 57. Nb3+ Ka2 58. Nc1+ Ka1 59.
Nd3 a2 60. Nc1 f3 61. Nb3# 1-0

[Event "*** Titled Tuesday Blitz"]
[Site "Chess.com"]
[Date "2018.08.07"]
[Round "4"]
[White "nitpicker"]
[Black "KRASAVCHIK2002"]
[Result "0-1"]
[WhiteElo "2103"]
[BlackElo "2196"]
[TimeControl "180+2"]
[EndTime "13:50:07 PDT"]
[Termination "KRASAVCHIK2002 won on time"]

1. d4 Nf6 2. c4 c5 3. d5 b5 4.
cxb5 a6 5. bxa6 g6 6. Nc3 Bg7 7. a7 Rxa7 8. e4 O-O 9. h3 d6 10. Nge2 e6 11. g3 exd5 12. exd5 Re8 13. Bg2 Na6 14.
O-O Nc7 15. Nf4 Nd7 16. Bd2 Ne5 17. Qc2 Bf5 18. Be4 Nf3+ 19. Kg2 Nxd2 20. Bxf5 Nxf1 21. Bd3 Ne3+ 22. fxe3 Rxe3 23. Ne4 f5 24. Nd2 Re8 25. Bc4 Qf6 26. Rb1 Qd4 27. Nf3 Qe4 28. Qxe4 Rxe4 29. Bd3 Re8 30. Bc4 Bh6 31. Ne6 Nxe6 32. dxe6 Kg7 33.
g4 fxg4 34. hxg4 Bf4 35. a3 Ra4 36. Bb3 Re4 37. Kf2 c4 38. Bc2 R4xe6 39. Ba4 Be3+ 40. Kg3 Rf8 41. Bd7 Ref6 42. Bc6 c3 43. bxc3 h5 44. gxh5 gxh5 45. a4 Kh6 46. a5 Rg8+ 47.
Kh3 Rg4 48. a6 Rgf4 49. Ra1 Rxf3+ 50. Bxf3 Rxf3+ 51. Kg2 Rf7 52. Rd1 Bc5 0-1

[Event "*** Titled Tuesday Blitz"]
[Site "Chess.com"]
[Date "2018.08.07"]
[Round "4"]
[White "Annawel"]
[Black "ftorodent"]
[Result "1-0"]
[WhiteElo "2799"]
[BlackElo "2534"]
[TimeControl "180+2"]
[EndTime "13:50:11 PDT"]
[Termination "Annawel won by resignation"]

1. e4 e6 2. d4 d5 3. exd5 exd5 4. Nf3 Nf6 5. Bd3 Bd6 6. Qe2+ Qe7 7. Qxe7+ Bxe7 8.
O-O O-O 9. Nc3 c6 10. Ne5 Nfd7 11. f4 Nxe5 12. fxe5 f6 13. exf6 Bxf6 14. Ne2 Bg4 15. c3 Nd7 16. Nf4 Bg5 17. h3 Bf5 18. Bxf5 Rxf5 19.
Nd3 Rxf1+ 20. Kxf1 Rf8+ 21. Kg1 Bxc1 22. Rxc1 Nf6 23.
a4 Ne4 24. a5 a6 25. c4 dxc4 26. Rxc4 Nd6 27. Rb4 Nb5 28. Nc5 Rf7 29. Kh2 Kf8 30. Kg3 Ke8 31. Rb3 Kd8 32. Re3 Kc7 33. Re4 Nd6 34. Ne6+ Kd7 35. Re2 Nc4 36. b4 Nd6 37. Nc5+ Kc7 38. Ne6+ Kd7 39. Nc5+ Kc7 40. Ne6+ Kc8 41. Re5 Nb5 42. d5 cxd5 43. Rxd5 Rd7 44. Rc5+ Kb8 45. Kf4 Nd4 46. Ke5 Nc6+ 47. Ke4 Nxb4 48.
Nf8 Re7+ 49. Kf5 h6 50. Kg6 Nc6 51. g4 Ne5+ 52. Rxe5 Rxe5 53. Nd7+ Kc7 54. Nxe5 b5 55. axb6+ Kxb6 56. Kxg7 Kb5 57. Kxh6 a5 58. g5 a4 59.
Nd3 a3 60. Nc1 1-0

[Event "*** Titled Tuesday Blitz"]
[Site "Chess.com"]
[Date "2018.08.07"]
[Round "4"]
[White "FairChess_on_YouTube"]
[Black "Vuk2000"]
[Result "1-0"]
[WhiteElo "2964"]
[BlackElo "2681"]
[TimeControl "180+2"]
[EndTime "13:50:11 PDT"]
[Termination "FairChess_on_YouTube won by resignation"]

1. e4 d5 2. exd5 Qxd5 3. Nc3 Qd6 4. Nf3 Nf6 5. d4 c6 6. Ne5 Nbd7 7. Nc4 Qc7 8. Qf3 Nb6 9. Bf4 Qd8 10. Ne5 Be6 11.
Rd1 Nbd5 12. Be2 Nxf4 13. Qxf4 g6 14. O-O Bg7 15. Rfe1 O-O 16. a3 Nd7 17. Bc4 Bxc4 18. Nxc4 e6 19. Ne4 Nf6 20. Nxf6+ Bxf6 21. c3 Be7 22. g3 Qd5 23. Ne3 Qg5 24. Qe4 h5 25. f4 Qb5 26. Rd2 Rad8 27. Kg2 Bf6 28. Rf2 Bg7 29.
h3 c5 30. dxc5 Qxc5 31. Qxb7 Rd3 32. Qe4 Rfd8 33. g4 hxg4 34. hxg4 Qb6 35. Nc4 Qc5 36. f5 exf5 37. gxf5 gxf5 38. Rxf5 Qc7 39. Rg5 f6 40.
Rg4 Kf8 41. Re2 R3d5 42. Qf3 Rd3 43. Ne3 Rd2 44. Nf5 Qe5 45. Re4 Qb5 46. Qg4 Rxe2+ 47. Rxe2 Qb7+ 48. Qf3 Qc7 49. Qe4 Qd7 50. Qb4+ Kg8 51.
Qc4+ Kh8 52. Qh4+ Kg8 53. Ne7+ Kf8 54. Qc4 Qxe7 55. Rxe7 Kxe7 56. Qc5+ Kf7 57. Qc7+ Kg6 58. Qxd8 1-0

[Event "*** Titled Tuesday Blitz"]
[Site "Chess.com"]
[Date "2018.08.07"]
[Round "4"]
[White "Karina_Oparina"]
[Black "saraswathii"]
[Result "1/2-1/2"]
[WhiteElo "2151"]
[BlackElo "2277"]
[TimeControl "180+2"]
[EndTime "13:50:26 PDT"]
[Termination "Game drawn - insufficient material"]

1. d4 Nf6 2. Nf3 g6 3. g3 Bg7 4. Bg2 d6 5. O-O O-O 6. c4 Nbd7 7. Nc3 e5 8. e4 exd4 9. Nxd4 a5 10. h3 Nc5 11. Re1 Re8 12. f3 Ne6 13. Be3 Nxd4 14.
Bxd4 Nh5 15. Kh2 Qg5 16. Ne2 Be6 17. f4 Qh6 18. Qd3 Rad8 19. Rad1 c6 20. b3 d5 21. Bxg7 Qxg7 22. cxd5 cxd5 23. exd5 Nf6 24. Nc3 Bf5 25.
Qb5 Rxe1 26. Rxe1 g5 27. Qxa5 Rc8 28. fxg5 Qxg5 29. d6 b6 30. Qb4 Qd2 31. Re5 Bxh3 32. Re2 Qxc3 33. Qxc3 Rxc3 34. Kxh3 Rd3 35. Rc2 Nh5 36.
Rc8+ Kg7 37. Bf3 Nf6 38. Bg2 Rxd6 39. Rc6 Rd2 40. a4 Rd3 41. Rxb6 Nh5 42. Bf3 Nf6 43. Bg2 Nh5 44. Bf3 Rxf3 45. Kg4 Rf6 46. Rb5 Nxg3 47. Kxg3 Kf8 48. a5 Ke7 49. b4 Kd7 50. Rb7+ Kc8 51. Rb5 Kc7 52. Kg4 Re6 53. Kf4 Re1 54. Rf5 Kc6 55. Kg5 Rb1 56. Rxf7 Rxb4 57. Rxh7 Rb5+ 58. Kg4 Rxa5 59. Rh6+ Kb5 60. Rh5+ Kb4 61. Rxa5 Kxa5 1/2-1/2

[Event "*** Titled Tuesday Blitz"]
[Site "Chess.com"]
[Date "2018.08.07"]
[Round "4"]
[White "Didici"]
[Black "evgenysharapov"]
[Result "1/2-1/2"]
[WhiteElo "2542"]
[BlackElo "2338"]
[TimeControl "180+2"]
[EndTime "13:50:29 PDT"]
[Termination "Game drawn by stalemate"]

1. d4 d5 2. c4 c6 3. Nc3 Nf6 4. Nf3 e6 5. g3 Be7 6. Bg2 O-O 7. O-O Nbd7 8. Qd3 b6 9. e4 dxe4 10. Nxe4 Bb7 11. Nxf6+ Bxf6 12. Bf4 c5 13. Rad1 cxd4 14. Nxd4 Bxg2 15. Kxg2 Nc5 16. Qe3 Qc8 17. b3 Qb7+ 18.
Kg1 Rfd8 19. Nb5 Qe4 20. Qxe4 Nxe4 21. Bc7 Rdc8 22. Nd6 Rxc7 23. Nxe4 Be7 24. Rd3 Kf8 25. Rfd1 Ke8 26. Nd6+ Bxd6 27. Rxd6 Ke7 28. f4 Rb8 29.
Kf2 b5 30. c5 Rxc5 31. Rd7+ Kf6 32. Rxa7 Rc2+ 33. Kf3 Rxh2 34. Rdd7 Rf8 35. Rdb7 h5 36.
Rxb5 h4 37. gxh4 Rxh4 38. a4 Rh3+ 39. Ke4 Rh4 40. a5 g5 41. Rxg5 Rb8 42. a6 Rb4+ 43. Kf3 Rxb3+ 44. Kg2 Rxf4 45. Rc5 Ra4 46. Rc2 Rba3 47.
Rf2+ Ke5 48. Re2+ Re4 49. Rxe4+ Kxe4 50. Rxf7 Rxa6 51. Kf2 Ra2+ 52. Kf1 e5 53. Rh7 Kd4 54. Rh3 e4 55. Ke1 Rc2 56. Rg3 Rc3 57. Rxc3 Kxc3 58. Ke2 Kd4 59. Kd2 e3+ 60. Ke2 Ke4 61. Ke1 Ke5 62.
Ke2 Ke4 63. Ke1 Kf4 64. Ke2 Ke4 65. Ke1 Kf3 66. Kf1 e2+ 67. Ke1 Ke3 1/2-1/2

[Event "*** Titled Tuesday Blitz"]
[Site "Chess.com"]
[Date "2018.08.07"]
[Round "4"]
[White "PulpanJ"]
[Black "pedromartinez91"]
[Result "1/2-1/2"]
[WhiteElo "2522"]
[BlackElo "2420"]
[TimeControl "180+2"]
[EndTime "13:50:31 PDT"]
[Termination "Game drawn - insufficient material"]

1. e4 e6 2. d4 d5 3. exd5 exd5 4. Nf3 Bd6 5. Bg5 Ne7 6. Nc3 f6 7. Bd2 Nbc6 8. Nb5 Bg4 9. h3 Bh5 10. c3 Qd7 11. Be2 O-O-O 12. Qa4 Kb8 13. Nxd6 Qxd6 14. O-O-O Nc8 15. Qc2 Nb6 16. b3 Rhe8 17. Rhe1 Bg6 18. Bd3 Qa3+ 19. Kb1 Na5 20. Bxg6 hxg6 21. Bc1 Qd6 22.
Qxg6 Rxe1 23. Rxe1 Qd7 24. Ba3 Nc8 25. Qd3 Re8 26.
Rxe8 Qxe8 27. Bc1 Nd6 28. Nd2 Qh5 29. f3 Nc6 30. Nf1 Qh4 31. Ne3 a6 32. Nxd5 Qe1 33.
Ne3 Nb5 34. Kc2 Nbxd4+ 35. Kb2 Ne6 36. Qf1 Qxf1 37. Nxf1 Ne5 38. Kc2 Kc8 39. Ng3 Kd7 40. Be3 Ng6 41. Nf5 Ke8 42. Kd2 Kf7 43. Ke2 Ne5 44.
Nd4 Nd8 45. Bf4 c5 46. Bxe5 fxe5 47. Nf5 Kf6 48. Nd6 Ke6 49. Ne4 b6 50. h4 Kf5 51.
g4+ Ke6 52. h5 Nc6 53. g5 Ne7 54. Kf2 Nd5 55. Kg3 Kf5 56. h6 gxh6 57. gxh6 Kg6 58.
Ng5 Kxh6 59. Nf7+ Kg7 60. Nxe5 Nxc3 61. Nd7 Nxa2 62. Nxb6 Nc1 63. Kf4 Nxb3 64. Ke4 Kf6 65. Kd5 a5 66. Kc4 Nd2+ 67. Kxc5 Nxf3 68. Nc4 a4 69.
Kb4 Ne5 70. Kxa4 Nxc4 1/2-1/2

[Event "*** Titled Tuesday Blitz"]
[Site "Chess.com"]
[Date "2018.08.07"]
[Round "4"]
[White "gmjlh"]
[Black "chenrip"]
[Result "1-0"]
[WhiteElo "2750"]
[BlackElo "2436"]
[TimeControl "180+2"]
[EndTime "13:50:49 PDT"]
[Termination "gmjlh won by resignation"]

1. d4 d5 2. c4 e5 3. cxd5 Qxd5 4. e3 exd4 5. Nc3 Bb4 6. exd4 Nc6 7. Bd2 Qxd4 8. Nf3 Qd8 9. Bc4 Nf6 10. O-O O-O 11.
a3 Bc5 12. Bg5 Bg4 13. Nd5 Bd4 14. Nxd4 Bxd1 15. Raxd1 Nxd5 16. Bxd8 Raxd8 17. Nxc6 bxc6 18. Rc1 Nb6 19. Ba6 Rd2 20. b4 Ra2 21. Rxc6 Rxa3 22. b5 Nd5 23. g3 g6 24. Rd1 Nb4 25. Rxc7 Nxa6 26. Rxa7 Rb8 27. bxa6 Rb6 28. Rdd7 Rf6 29. Ra8+ Kg7 30. a7 Rfa6 31. Kg2 h5 32. h3 R3a4 33.
Rb7 Ra3 34. g4 hxg4 35. hxg4 R3a4 36. Kg3 Ra3+ 37. f3 Ra1 38. Kh4 R1a5 39. g5 Ra4+ 40.
Kg3 R6a5 41. f4 Ra3+ 42. Kg4 Ra1 43. Rbb8 f5+ 44. gxf6+ Kxf6 45. Rb6+ Kg7 46. Rb7+ Kf6 47. Kf3 R1a3+ 48. Kg4 Ra1 49. Rf8+ Ke6 50. Rg7 Rxa7 51. Rxg6+ Ke7 52. Rfg8 Rg1+ 53. Kh3 Rxg6 54. Rxg6 Kf7 55. Rb6 Rc7 56. Kg4 Ra7 57. Kg5 Rc7 58. Rh6 Kg7 59.
Rd6 Ra7 60. f5 Kf7 61. Rh6 Kg7 62. f6+ Kg8 63. Kg6 Rb7 64. Rh1 Ra7 65. Rc1 Ra8 66. Rc7 Rb8 67. Rg7+ Kh8 68. Rh7+ Kg8 69. f7+ Kf8 70.
Rh8+ 1-0